[Event "*** Titled Tuesday Blitz"]
[Site "Chess.com"]
[Date "2019.02.05"]
[Round "9"]
[White "GameOverBro"]
[Black "cool4chess"]
[Result "1-0"]
[WhiteElo "2513"]
[BlackElo "2317"]
[TimeControl "180+2"]
[EndTime "15:11:29 PST"]
[Termination "GameOverBro won by resignation"]

1. e4 e5 2. Nf3 Nc6 3. Bb5 a6 4. Ba4 Nf6 5. d4 Nxe4 6. Qe2 Nf6 7. dxe5 Nd5 8. O-O Be7 9. Bb3 Nb6 10. Nc3 O-O 11. Be3 d6 12. Rad1 Bg4 13. exd6 Bxd6 14.
h3 Bxf3 15. Qxf3 Nd7 16. Ne4 Nde5 17. Qh5 Qe7 18. Bg5 Qe8 19. Rfe1 Kh8 20. Nf6 gxf6 21. Bxf6+ Kg8 22. Qh6 1-0

[Event "*** Titled Tuesday Blitz"]
[Site "Chess.com"]
[Date "2019.02.05"]
[Round "9"]
[White "kintoho"]
[Black "xberli"]
[Result "1-0"]
[WhiteElo "2495"]
[BlackElo "2536"]
[TimeControl "180+2"]
[EndTime "15:11:29 PST"]
[Termination "kintoho won by resignation"]

1. e4 c5 2. Nf3 d6 3. Bc4 e6 4. d3 a6 5. Bb3 Be7 6. c3 Nf6 7. O-O O-O 8. Re1 e5 9. Nbd2 Qc7 10. Nf1 Nbd7 11. Ng3 g6 12. h3 b5 13. Bh6 Re8 14. Ng5 c4 15. dxc4 bxc4 16. Ba4 Bb7 17.
Qf3 Nc5 18. Bxe8 Rxe8 19. Nf1 Nd3 20. Re2 d5 21. Nd2 Nf4 22. Ree1 Bc5 23. g3 dxe4 24.
Ndxe4 Nxe4 25. Nxe4 Nd3 26. Qf6 Bf8 27. Bxf8 Rxf8 28.
Re2 Qc6 29. f3 Qxf6 30. Nxf6+ Kg7 31. Ne4 f5 32. Nf2 e4 33. fxe4 fxe4 34. Nxe4 Rf3 35. Nd6 Bd5 36. Kh2 Kh6 37. b3 cxb3 38. axb3 Nc5 39. c4 Nxb3 40. Rxa6 Bg8 41. Re8 Rf2+ 42. Kg1 Rd2 43. Rxg8 Nd4 44. Nf7+ Kh5 45. Ra5+ Nf5 46. g4+ Kh4 47. gxf5 Kg3 48. Kf1 Rf2+ 49. Ke1 Rf4 50. fxg6 1-0

[Event "*** Titled Tuesday Blitz"]
[Site "Chess.com"]
[Date "2019.02.05"]
[Round "9"]
[White "Walter_White_Poland"]
[Black "SimonKnightRivendell"]
[Result "1-0"]
[WhiteElo "2182"]
[BlackElo "2015"]
[TimeControl "180+2"]
[EndTime "15:11:29 PST"]
[Termination "Walter_White_Poland won by resignation"]

1. e4 c6 2. d4 d5 3. Nc3 dxe4 4. Nxe4 Bf5 5. Ng3 Bg6 6. h4 h6 7. Nf3 Nd7 8. h5 Bh7 9. Bd3 Bxd3 10. Qxd3 e6 11. Bd2 Qc7 12. O-O-O Ngf6 13. Kb1 O-O-O 14.
c4 Be7 15. Bc3 Kb8 16. Ne4 Nxe4 17. Qxe4 Bf6 18. Rhe1 c5 19. Qe3 cxd4 20. Bxd4 Bxd4 21. Rxd4 Nc5 22. Red1 Rxd4 23. Qxd4 f6 24. b4 Na6 25. a3 Rc8 26. c5 Qc6 27. Qd6+ Ka8 28. Qxc6 Rxc6 29. Rd8+ Nb8 30. Nd4 Ra6 31. Kb2 b6 32. c6 1-0

[Event "*** Titled Tuesday Blitz"]
[Site "Chess.com"]
[Date "2019.02.05"]
[Round "9"]
[White "sergeikim"]
[Black "DanielMieles1985"]
[Result "0-1"]
[WhiteElo "2463"]
[BlackElo "2593"]
[TimeControl "180+2"]
[EndTime "15:11:32 PST"]
[Termination "DanielMieles1985 won by resignation"]

1. d4 d5 2. c4 c6 3. Nf3 Nf6 4. Qc2 g6 5. e3 Bd7 6. Bd3 Bg7 7. O-O O-O 8. Nbd2 Na6 9. a3 dxc4 10.
Nxc4 Rc8 11. b4 Bg4 12. Bb2 Be6 13. Rfd1 Bg4 14. Nce5 Bxf3 15. Nxf3 Nc7 16. e4 Nh5 17. g3 Nb5 18. Bf1 Qd7 19. Bg2 Rfd8 20. h3 Qe6 21.
a4 Nd6 22. e5 Nc4 23. Bc3 a6 24. Qc1 f5 25. Ng5 Qd7 26. a5 e6 27. Be1 Bh6 28. h4 Bxg5 29. hxg5 b5 30. axb6 Nxb6 31. Rxa6 Nd5 32.
Qc5 f4 33. g4 f3 34. Bxf3 Nhf4 35. Ra7 Rc7 36. Rxc7 Qxc7 37. Rc1 Qf7 38. Bxd5 Rxd5 39.
Qxc6 Ne2+ 40. Kf1 Nxc1 41. Qxc1 Rxd4 42. b5 Qb7 43. Qc5 Qh1+ 44. Ke2 Qe4+ 45. Kf1 Qd3+ 46. Kg2 Rxg4+ 47. Kh2 Rh4+ 48. Kg2 Qh3+ 0-1

[Event "*** Titled Tuesday Blitz"]
[Site "Chess.com"]
[Date "2019.02.05"]
[Round "9"]
[White "Kirill_Klukin"]
[Black "Kumi29"]
[Result "1-0"]
[WhiteElo "2629"]
[BlackElo "2463"]
[TimeControl "180+2"]
[EndTime "15:11:33 PST"]
[Termination "Kirill_Klukin won by resignation"]

1. c4 f5 2. Nc3 Nf6 3. g3 g6 4. Bg2 Bg7 5. e3 O-O 6. Nge2 e5 7.
O-O d6 8. d3 Nc6 9. Nd5 Ne7 10.
Nxf6+ Bxf6 11. b3 c6 12. Bb2 d5 13. cxd5 Nxd5 14. e4 Nb4 15. d4 exd4 16. Bxd4 Bxd4 17. Nxd4 c5 18. Nb5 Qxd1 19. Rfxd1 fxe4 20. Bxe4 a6 21. Nd6 Rb8 22. a3 Nc6 23. Rac1 Be6 24. Rxc5 Bxb3 25. Rb1 Nd4 26. Rxb3 Nxb3 27. Bd5+ Kg7 28. Bxb3 b5 29. Rc7+ Kh6 30. f4 a5 31. Bd5 b4 32. axb4 axb4 33. Nf7+ Kg7 34. Ng5+ Kf6 35. Nxh7+ Kf5 36. Nxf8 b3 37. Be6+ Ke4 38.
Bxb3 Rxb3 39. Nxg6 Kf3 40. Ne5+ Ke3 41. Kg2 Ke4 42.
Kh3 Kf5 43. Rf7+ Ke6 44. Kg4 Rb2 45. h4 Rb8 46. Rg7 Kf6 47. Rg6+ Ke7 48. h5 Rh8 49. Kg5 Kf8 50. f5 Rh7 51. f6 Ra7 52. f7 Ke7 53. Rg8 Ke6 54. Re8+ Kd6 55. f8=Q+ 1-0

[Event "*** Titled Tuesday Blitz"]
[Site "Chess.com"]
[Date "2019.02.05"]
[Round "9"]
[White "sandager"]
[Black "ChessMavenYeti"]
[Result "0-1"]
[WhiteElo "2129"]
[BlackElo "2241"]
[TimeControl "180+2"]
[EndTime "15:11:35 PST"]
[Termination "ChessMavenYeti won on time"]

1. d4 e6 2. e4 d5 3. Nc3 Bb4 4. e5 c5 5. a3 Ba5 6. b4 cxd4 7. Nb5 Bc7 8. Nf3 Nc6 9. Bf4 Nge7 10. Nbxd4 Nxd4 11. Qxd4 Nc6 12. Qd2 f6 13. exf6 Qxf6 14. Bxc7 Qxa1+ 15. Ke2 O-O 16. g3 b6 17. Bg2 Ba6+ 18.
Ke3 Qf6 19. h4 d4+ 20. Nxd4 Ne5 21. Bxe5 Qxe5+ 22. Be4 Rad8 23. c3 Qf6 24. Qc2 h6 25. f4 e5 26. Ne2 Qd6 27. c4 exf4+ 28. Nxf4 Qd4+ 29. Kf3 Bxc4 0-1

[Event "*** Titled Tuesday Blitz"]
[Site "Chess.com"]
[Date "2019.02.05"]
[Round "9"]
[White "HajiyevKanan"]
[Black "CM_Perligero"]
[Result "1-0"]
[WhiteElo "2339"]
[BlackElo "2194"]
[TimeControl "180+2"]
[EndTime "15:11:38 PST"]
[Termination "HajiyevKanan won on time"]

1. d4 d5 2. Nf3 c6 3. c4 Nf6 4.
cxd5 cxd5 5. Nc3 Nc6 6. Bf4 e6 7. e3 Bb4 8. Bd3 Qa5 9. Qc2 Ne4 10. Bxe4 dxe4 11. Nd2 f5 12. O-O O-O 13. Nc4 Qd8 14. a3 Be7 15. b4 Bf6 16. Nb5 a6 17. Nbd6 b5 18. Nxc8 Rxc8 19. Nd6 Rc7 20. Rac1 e5 21.
dxe5 Bxe5 22. Bxe5 Nxe5 23. Qxc7 Qg5 24. Kh1 Qh4 25. Nxf5 Rxf5 26. Qc8+ Rf8 27. Qe6+ Nf7 28. Rc8 h6 29. Rfc1 1-0

[Event "*** Titled Tuesday Blitz"]
[Site "Chess.com"]
[Date "2019.02.05"]
[Round "9"]
[White "metra93"]
[Black "josmito10"]
[Result "0-1"]
[WhiteElo "2570"]
[BlackElo "2743"]
[TimeControl "180+2"]
[EndTime "15:11:43 PST"]
[Termination "josmito10 won by resignation"]

1. d4 Nf6 2. c4 Nc6 3. g3 e6 4. Bg2 Bb4+ 5. Nc3 Bxc3+ 6. bxc3 O-O 7. e4 d6 8. Ne2 e5 9. O-O Na5 10. c5 dxc5 11. dxe5 Ng4 12. f4 Nc4 13. Qa4 Nge3 14.
Re1 Bd7 15. Qb3 Na5 16. Qb1 Nxg2 17. Kxg2 Bc6 18. Be3 b6 19. Ng1 Nc4 20. Qc2 Qe7 21.
Bf2 Rad8 22. Nf3 Qd7 23. Rad1 Qc8 24. Qe2 Bb5 25. a4 Rxd1 26. Rxd1 Bxa4 27. Ra1 Bb5 28. Ra6 Qxa6 0-1

[Event "*** Titled Tuesday Blitz"]
[Site "Chess.com"]
[Date "2019.02.05"]
[Round "9"]
[White "NikolasTheiss"]
[Black "monalize"]
[Result "0-1"]
[WhiteElo "2201"]
[BlackElo "2314"]
[TimeControl "180+2"]
[EndTime "15:11:46 PST"]
[Termination "monalize won by checkmate"]

1. e4 c5 2. Nc3 a6 3. f4 b5 4. Nf3 Bb7 5. d3 e6 6. g3 d6 7. Bg2 Qc7 8. O-O Nd7 9. Qe1 b4 10. Nd1 Ngf6 11. f5 Be7 12. fxe6 fxe6 13. Bh3 Nf8 14. Ne3 Bc8 15. Nc4 e5 16. Bxc8 Rxc8 17. a3 a5 18. axb4 axb4 19. Nh4 Ne6 20. Nf5 O-O 21. Ra6 Rcd8 22. b3 Rf7 23. Bb2 Bf8 24.
Qe2 g6 25. Nfe3 Bh6 26. Bxe5 dxe5 27. Rxe6 Rdf8 28. Nxe5 Bxe3+ 29. Qxe3 Nd5 30. Rxf7 Qxf7 31. Nxf7 Nxe3 32. Ne5 Rf1# 0-1

[Event "*** Titled Tuesday Blitz"]
[Site "Chess.com"]
[Date "2019.02.05"]
[Round "9"]
[White "GadimbayliA"]
[Black "kleinebeer98"]
[Result "1-0"]
[WhiteElo "2819"]
[BlackElo "2723"]
[TimeControl "180+2"]
[EndTime "15:11:53 PST"]
[Termination "GadimbayliA won by resignation"]

1. e4 e5 2. Nf3 Nc6 3. Bb5 f5 4. d3 fxe4 5. dxe4 Nf6 6. O-O d6 7. a3 Be7 8. Bc4 Bg4 9. h3 Bh5 10. Nbd2 Qd7 11. Qe1 O-O-O 12. Ng5 Kb8 13. c3 h6 14. Nf7 Bxf7 15. Bxf7 g5 16. Bd5 g4 17. h4 Nh5 18. g3 Rdf8 19. Nc4 Nd8 20. Ne3 c6 21. Bb3 Bxh4 22. gxh4 g3 23. fxg3 Qh3 24. Nf5 Rxf5 25. Rxf5 Nxg3 26. Rf3 Qh1+ 27. Kf2 Qh2+ 28. Ke3 Nxe4 29. Kxe4 d5+ 30. Ke3 Ne6 31. Qg3 d4+ 32. cxd4 Qxg3 33. Rxg3 exd4+ 34. Ke2 d3+ 35. Kd1 1-0

[Event "*** Titled Tuesday Blitz"]
[Site "Chess.com"]
[Date "2019.02.05"]
[Round "9"]
[White "gmjlh"]
[Black "Tolya2"]
[Result "1-0"]
[WhiteElo "2702"]
[BlackElo "2529"]
[TimeControl "180+2"]
[EndTime "15:11:59 PST"]
[Termination "gmjlh won by resignation"]

1. d4 d5 2. c4 dxc4 3. e3 e6 4. Bxc4 Nf6 5. Ne2 c5 6. O-O a6 7. dxc5 Bxc5 8. Qxd8+ Kxd8 9. Nf4 Ke7 10. Be2 b5 11. a4 bxa4 12. Bf3 Ra7 13. Nc3 Bb7 14.
Nxa4 Bd6 15. Bd2 Bxf3 16. gxf3 Rc8 17. Rfc1 Rac7 18. Rxc7+ Rxc7 19. Nd3 Nd5 20. e4 Rc2 21. Bg5+ f6 22. exd5 fxg5 23. Re1 e5 24. Nxe5 Bxe5 25.
Rxe5+ Kd6 26. Rxg5 g6 27. Nc3 Rxb2 28. Ne4+ Kd7 29. Nf6+ Ke7 30. Nxh7 a5 31. d6+ Kxd6 32.
Rxa5 Nd7 33. Ra6+ Nb6 34. Nf8 g5 35. Nh7 Ke5 36. Nxg5 Nd5 37. Ra5 Kd4 38. Ne6+ Kc4 39. Rc5+ 1-0

[Event "*** Titled Tuesday Blitz"]
[Site "Chess.com"]
[Date "2019.02.05"]
[Round "9"]
[White "ezkybel"]
[Black "Caisachess"]
[Result "1-0"]
[WhiteElo "2267"]
[BlackElo "2346"]
[TimeControl "180+2"]
[EndTime "15:11:59 PST"]
[Termination "ezkybel won by resignation"]

1. e4 e5 2. Nf3 Nc6 3. Nc3 Nf6 4. d4 exd4 5. Nd5 d6 6. Nxd4 Nxd4 7. Qxd4 Nxd5 8. exd5 Qe7+ 9. Be3 Qe5 10. Qxe5+ dxe5 11. O-O-O Bd6 12. c4 b6 13. g3 Bg4 14. Re1 O-O 15. Bg2 Rad8 16. a3 a5 17. h4 Bf5 18. Bd2 Bd3 19. Bf1 Bxf1 20. Rhxf1 f5 21. Bc3 Rfe8 22. Re2 a4 23. Rfe1 e4 24. h5 h6 25. Kc2 Kf7 26. g4 fxg4 27. Rxe4 Rxe4 28. Rxe4 Re8 29. Rxe8 Kxe8 30. Bxg7 Bf4 31. Kd3 Kf7 32. Ke4 Bg5 33. Be5 Bf6 34. Bxf6 Kxf6 35. Kf4 b5 36. c5 1-0

[Event "*** Titled Tuesday Blitz"]
[Site "Chess.com"]
[Date "2019.02.05"]
[Round "9"]
[White "Muisback26"]
[Black "GMBenjaminBok"]
[Result "0-1"]
[WhiteElo "2866"]
[BlackElo "2878"]
[TimeControl "180+2"]
[EndTime "15:12:04 PST"]
[Termination "GMBenjaminBok won by resignation"]

1. e4 c5 2. Nf3 d6 3. d4 cxd4 4.
Nxd4 Nf6 5. Nc3 a6 6. Bg5 Nbd7 7. Qe2 h6 8. Bh4 g6 9. f4 e5 10. fxe5 dxe5 11. O-O-O Qc7 12. Nd5 Nxd5 13. exd5 Bd6 14.
Kb1 O-O 15. Nb3 Nb6 16. Qe3 Bf5 17. Bd3 Nxd5 18. Qxh6 e4 19. Be2 Bf4 20. Bg5 Bxg5 21. Qxg5 Nb4 22. Nd4 e3 23. Rc1 Qa5 24. Bc4 Bxc2+ 25.
Nxc2 Qxg5 26. Nxb4 Rac8 27. Bd3 Rfd8 0-1

[Event "*** Titled Tuesday Blitz"]
[Site "Chess.com"]
[Date "2019.02.05"]
[Round "9"]
[White "NoGalloNoParty"]
[Black "AsaHoffmann"]
[Result "0-1"]
[WhiteElo "2314"]
[BlackElo "2210"]
[TimeControl "180+2"]
[EndTime "15:12:12 PST"]
[Termination "AsaHoffmann won by resignation"]

1. d4 Nf6 2. Nf3 d6 3. c4 c6 4. g3 Bf5 5. Bg2 h6 6. O-O Nbd7 7. Nc3 e5 8. Nh4 Bh7 9. e4 Be7 10. d5 Nc5 11. Re1 a5 12. b3 O-O 13. a3 cxd5 14. cxd5 Rc8 15. Bd2 Qd7 16. Rb1 b5 17. b4 axb4 18.
axb4 Na4 19. Nxa4 bxa4 20. b5 Ra8 21. Bb4 Rfb8 22. Qe2 Qxb5 23. Qf3 Qxb4 24. Rxb4 Rxb4 25. Nf5 Bf8 26. Ra1 Nxe4 27. Qg4 Bxf5 28. Qxf5 Nf6 29. Qc2 a3 30. h3 Rb2 31. Qc3 Rab8 32. Rxa3 e4 33. Kh2 Rxf2 34. Qd4 Rbb2 35. Ra8 Rxg2+ 36. Kh1 Rgd2 0-1

[Event "*** Titled Tuesday Blitz"]
[Site "Chess.com"]
[Date "2019.02.05"]
[Round "9"]
[White "Last7Samurai"]
[Black "Al_Shima"]
[Result "1-0"]
[WhiteElo "2699"]
[BlackElo "2521"]
[TimeControl "180+2"]
[EndTime "15:12:14 PST"]
[Termination "Last7Samurai won by checkmate"]

1. Nf3 Nf6 2. g3 b6 3. Bg2 Bb7 4. O-O g6 5. b3 Bg7 6. Bb2 c5 7. c4 O-O 8. Nc3 Nc6 9. d4 Nxd4 10. Nxd4 Bxg2 11. Kxg2 cxd4 12. Qxd4 d6 13. Rad1 Qc8 14. Nd5 Qb7 15. e4 Ne8 16. Qd2 Bxb2 17. Qxb2 Ng7 18.
Rfe1 a6 19. a4 Ra7 20. Qd4 Rb8 21. Rc1 Ne6 22. Qe3 Nc5 23. h4 h5 24. b4 Nxa4 25. g4 Qc8 26. f3 hxg4 27. h5 gxf3+ 28. Qxf3 Qe6 29. Rh1 Kg7 30. Rh4 Rh8 31. Rch1 Rh6 32. Rg4 b5 33. Nf4 Qxc4 34. hxg6 Qa2+ 35. Kg3 fxg6 36.
Rxh6 Kxh6 37. Rxg6+ Kh7 38. Qh5# 1-0

[Event "*** Titled Tuesday Blitz"]
[Site "Chess.com"]
[Date "2019.02.05"]
[Round "9"]
[White "FelixBlohberger"]
[Black "sergoy"]
[Result "1/2-1/2"]
[WhiteElo "2674"]
[BlackElo "2803"]
[TimeControl "180+2"]
[EndTime "15:12:21 PST"]
[Termination "Game drawn by repetition"]

1. d4 Nf6 2. Nf3 e6 3. Bf4 c5 4. e3 Nc6 5. Nbd2 d5 6. c3 cxd4 7. exd4 Nh5 8. Be3 Bd6 9. Bd3 Nf4 10. Bxf4 Bxf4 11. O-O O-O 12. g3 Bh6 13. h4 g6 14. Re1 Rb8 15. a4 Bd7 16. Nf1 f6 17. N1h2 f5 18. Ne5 Nxe5 19. Rxe5 f4 20. Ng4 Bg7 21. Re1 fxg3 22. fxg3 b5 23. axb5 Bxb5 24. Bxb5 Rxb5 25. Qe2 Qb8 26. Qxe6+ Kh8 27. Ne5 Rxb2 28. Rf1 Rb6 29. Rxf8+ Qxf8 30. Nf7+ Kg8 31. Nd6+ Kh8 32. Rf1 Qb8 33. Nf7+ Kg8 34. Nd6+ Kh8 35. Nf7+ Kg8 36.
Nd6+ Kh8 37. Nf7+ Kg8 38. Nd6+ Kh8 39. Nf7+ Kg8 40. Nd6+ Kh8 1/2-1/2

[Event "*** Titled Tuesday Blitz"]
[Site "Chess.com"]
[Date "2019.02.05"]
[Round "9"]
[White "DrVelja"]
[Black "Supernotar"]
[Result "1-0"]
[WhiteElo "2635"]
[BlackElo "2492"]
[TimeControl "180+2"]
[EndTime "15:12:21 PST"]
[Termination "DrVelja won by resignation"]

1. e4 c6 2. d4 d5 3. Nd2 dxe4 4. Nxe4 Bf5 5. Ng3 Bg6 6. h4 h6 7. Nf3 Nd7 8. h5 Bh7 9. Bd3 Bxd3 10. Qxd3 e6 11. Bd2 Ngf6 12. O-O-O Be7 13. Kb1 O-O 14. Ne4 Nxe4 15. Qxe4 Nf6 16. Qe2 Qd5 17. Be3 Ng4 18. Bc1 Rad8 19. Ne5 Nxe5 20. dxe5 Qb5 21. Qxb5 cxb5 22.
Be3 b6 23. c3 Rxd1+ 24. Rxd1 Rd8 25. Rxd8+ Bxd8 26. Kc2 Kf8 27. Kb3 Ke8 28. c4 bxc4+ 29.
Kxc4 a6 30. b4 b5+ 31. Kd3 Kd7 32. Ke4 Be7 33. Bd2 Bd8 34. g4 Bb6 35. f4 g6 36.
g5 Ke7 37. gxh6 Kf8 38. Kf3 gxh5 39. f5 exf5 40. Bg5 Kg8 41. Kf4 Bf2 42. Kxf5 h4 43.
e6 fxe6+ 44. Kg6 Bd4 45. Bxh4 Kf8 46. h7 Ke8 47. Bf6 1-0

[Event "*** Titled Tuesday Blitz"]
[Site "Chess.com"]
[Date "2019.02.05"]
[Round "9"]
[White "jamengrand"]
[Black "riconaipe"]
[Result "0-1"]
[WhiteElo "2266"]
[BlackElo "2421"]
[TimeControl "180+2"]
[EndTime "15:12:25 PST"]
[Termination "riconaipe won by resignation"]

1. e4 c6 2. d3 d5 3. Nd2 g6 4.
Ngf3 Bg7 5. d4 dxe4 6. Nxe4 Nf6 7. Nxf6+ exf6 8. h3 O-O 9. Be2 Nd7 10. O-O f5 11.
Bf4 Nf6 12. Be5 Ne4 13. Bxg7 Kxg7 14. c4 Re8 15. Re1 Bd7 16. Qc2 Qf6 17. Rad1 Rad8 18. Ne5 Bc8 19. Bf3 Ng5 20. b4 Ne6 21. Qc3 Nxd4 22. Rxd4 Rxe5 23. Red1 Rde8 24. Rd6 R5e6 25. Qxf6+ Kxf6 26. b5 cxb5 27. cxb5 Re7 28. g3 Rxd6 29.
Rxd6+ Be6 30. a4 b6 31. Rd3 Bc4 32. Rc3 Be6 33. Bc6 Ke5 34. Rd3 f4 35. g4 h5 36. f3 hxg4 37. hxg4 f5 38. g5 Rh7 39. Be8 Rh5 40. Rd8 Rxg5+ 41. Kf2 Rg3 42. Bc6 g5 43.
Re8 Rh3 44. Bd7 Rh2+ 45. Kg1 Rh6 46. Bxe6 Rxe6 47. Rg8 g4 48. fxg4 fxg4 49. Rxg4 Ke4 50. Rg7 Kf3 51. Rxa7 Re1+ 52. Kh2 Re2+ 53. Kh1 Kf2 54. a5 f3 55. axb6 Re6 56. Ra2+ Kg3 57. Ra1 Rh6+ 58. Kg1 f2+ 59. Kf1 Rh1+ 0-1

[Event "*** Titled Tuesday Blitz"]
[Site "Chess.com"]
[Date "2019.02.05"]
[Round "9"]
[White "Koksik_13"]
[Black "AliKa2810"]
[Result "1-0"]
[WhiteElo "2668"]
[BlackElo "2473"]
[TimeControl "180+2"]
[EndTime "15:12:29 PST"]
[Termination "Koksik_13 won by resignation"]

1. b3 e5 2. Bb2 d6 3. f4 exf4 4. Nf3 Nf6 5. g3 fxg3 6. hxg3 Bg4 7. e3 Nc6 8. Nc3 Qd7 9. Qe2 Be7 10. O-O-O O-O-O 11. Kb1 Kb8 12. Bg2 h5 13. Rdf1 Ne5 14. Qe1 Nxf3 15.
Bxf3 Qe6 16. Qe2 a6 17. a4 d5 18. Qd3 Bxf3 19. Rxf3 Ne4 20. Ne2 Bf6 21. Bxf6 Nxf6 22. Nd4 Qe4 23. Rhf1 Qg4 24. Nf5 Nd7 25. Rf4 Qg5 26.
Rb4 Nc5 27. Qe2 Ka7 28. Nd4 Qg6 29. a5 Rd7 30. Qf2 Ne4 31. Qe1 Qxg3 32. Qc1 h4 33. d3 Qd6 34. c3 Ng3 35. Rf2 h3 36. Qg1 Qe5 37. e4 c5 38. Rxf7 h2 39. Nc6+ Ka8 40. Qxh2 bxc6 41. Qxh8+ 1-0

[Event "*** Titled Tuesday Blitz"]
[Site "Chess.com"]
[Date "2019.02.05"]
[Round "9"]
[White "Gabrielian_Artur"]
[Black "wenx95"]
[Result "1-0"]
[WhiteElo "2721"]
[BlackElo "2510"]
[TimeControl "180+2"]
[EndTime "15:12:30 PST"]
[Termination "Gabrielian_Artur won by resignation"]

1. e4 d5 2. exd5 Qxd5 3. Nc3 Qa5 4. d4 Nf6 5. Nf3 Nc6 6. Bb5 Nd5 7. Rb1 a6 8. Bxc6+ bxc6 9. O-O Bg4 10. h3 Nxc3 11. bxc3 Qxa2 12. Bf4 Bf5 13. Ne5 e6 14. Qh5 g6 15. Qh4 Bg7 16. Bh6 O-O 17. Bxg7 Kxg7 18. Rb7 Qxc2 19. Rxc7 Qe4 20. g4 h6 21. f3 Qe3+ 22. Qf2 Qxf2+ 23. Rxf2 Bb1 24. Rb2 Rab8 25.
Rxb8 Rxb8 26. Rxf7+ Kg8 27. Ra7 Rb6 28. Kf2 Bc2 29. Ke3 g5 30. f4 gxf4+ 31. Kxf4 Bd1 32.
h4 Be2 33. g5 hxg5+ 34. Kxg5 Rb1 35. Ng6 Rg1+ 36. Kh6 Rxg6+ 37. Kxg6 Bd3+ 1-0

[Event "*** Titled Tuesday Blitz"]
[Site "Chess.com"]
[Date "2019.02.05"]
[Round "9"]
[White "David_Klein"]
[Black "GukeshDommaraju"]
[Result "0-1"]
[WhiteElo "2599"]
[BlackElo "2697"]
[TimeControl "180+2"]
[EndTime "15:12:31 PST"]
[Termination "GukeshDommaraju won by checkmate"]

1. g3 g6 2. Bg2 Bg7 3. Nf3 Nf6 4. O-O O-O 5. c4 d6 6. Nc3 Nc6 7. d4 Bg4 8. h3 Bxf3 9. Bxf3 Nd7 10. e3 e5 11. d5 Ne7 12. Bg2 f5 13. Rb1 e4 14. Ne2 Nc5 15. Nf4 g5 16. Nh5 Be5 17.
b4 Nd3 18. f3 Nxc1 19. Rxc1 exf3 20. Qxf3 Qe8 21. g4 f4 22. exf4 gxf4 23. c5 Ng6 24. Kh1 Qe7 25. Qe4 Qg5 26. cxd6 cxd6 27. Rc7 Rac8 28.
Rxb7 f3 29. Bxf3 Rc1 30. Qe2 Nh4 31. Bg2 Rcxf1+ 32. Bxf1 Qc1 33. Kg1 Rxf1+ 34. Qxf1 Bd4+ 35.
Kh2 Qxf1 36. Rb8+ Kf7 37. Rb7+ Kg6 38. Kg3 Qf2# 0-1

[Event "*** Titled Tuesday Blitz"]
[Site "Chess.com"]
[Date "2019.02.05"]
[Round "9"]
[White "NMJeevanK"]
[Black "Mbneu"]
[Result "1-0"]
[WhiteElo "2371"]
[BlackElo "2267"]
[TimeControl "180+2"]
[EndTime "15:12:31 PST"]
[Termination "NMJeevanK won by resignation"]

1. e4 Nf6 2. e5 Nd5 3. c4 Nb6 4. d4 d6 5. exd6 cxd6 6. Nc3 g6 7.
Nf3 Bg7 8. Be3 O-O 9. Rc1 d5 10. c5 Nc4 11. Nxd5 Nxe3 12. Nxe3 Nc6 13. Rc4 Qa5+ 14.
Qd2 Qxa2 15. Be2 Na5 16. Rc3 Rd8 17. O-O Nb3 18. Qd1 Nxd4 19. Bc4 Qxb2 20. Rd3 e5 21. Ng5 Rf8 22. Nd5 Be6 23. Ne7+ Kh8 24. Bxe6 Nxe6 25. Nxe6 fxe6 26. Rh3 h5 27. Rxh5+ 1-0

[Event "*** Titled Tuesday Blitz"]
[Site "Chess.com"]
[Date "2019.02.05"]
[Round "9"]
[White "HElissalt"]
[Black "Synctel"]
[Result "1-0"]
[WhiteElo "2125"]
[BlackElo "1928"]
[TimeControl "180+2"]
[EndTime "15:12:32 PST"]
[Termination "HElissalt won by resignation"]

1. d4 Nf6 2. c4 e6 3. Nf3 Bb4+ 4. Bd2 Qe7 5. g3 Nc6 6. Bg2 Bxd2+ 7. Qxd2 Ne4 8. Qc2 Qb4+ 9. Nc3 Nxc3 10. Qxc3 Qxc3+ 11. bxc3 d6 12. Nd2 e5 13. e3 O-O 14. Rb1 Nd8 15. f4 exf4 16. gxf4 f5 17. Kf2 c6 18. h4 Be6 19. h5 d5 20. c5 Rc8 21.
Bf1 Rc7 22. Bd3 Re7 23. Rhg1 Bc8 24. Rg3 Rf6 25. Rh1 Rh6 26. Rgh3 Nf7 27. Nf3 Kf8 28. Ne5 Nxe5 29. dxe5 Be6 30. Rg3 Rf7 31. Rg5 Bd7 32.
Rhg1 Be6 33. Ke2 Bd7 34. Kd2 Re7 35. a4 Rf6 36. exf6 gxf6 37. Rg8+ Kf7 38. R1g7+ Ke6 39. Rxe7+ Kxe7 40. Rg7+ 1-0

[Event "*** Titled Tuesday Blitz"]
[Site "Chess.com"]
[Date "2019.02.05"]
[Round "9"]
[White "PawnEatingZombie"]
[Black "chesstatour"]
[Result "1-0"]
[WhiteElo "2123"]
[BlackElo "2003"]
[TimeControl "180+2"]
[EndTime "15:12:32 PST"]
[Termination "PawnEatingZombie won by resignation"]

1. d4 f5 2. Nc3 Nf6 3. Bg5 d5 4. Bxf6 exf6 5. e3 c6 6. Qf3 Qb6 7. O-O-O Qa5 8. Bd3 g6 9. h3 Bb4 10. Nge2 b5 11. Kb1 Nd7 12. g4 Ba6 13. gxf5 O-O-O 14. a3 Bxc3 15. Nxc3 g5 16. Na2 Qc7 17. h4 h6 18.
hxg5 hxg5 19. Rxh8 Rxh8 20. Rh1 Rxh1+ 21. Qxh1 Bb7 22.
Nc1 Qd6 23. Qh8+ Kc7 24. Ne2 c5 25. dxc5 Nxc5 26. Nd4 a6 27. b4 Na4 28. Ne6+ Kb6 29.
Qxf6 Bc6 30. Qd4+ Kb7 31. Nc5+ Nxc5 32. bxc5 Qh2 33. Qg7+ Kb8 34. f6 Qg1+ 35. Kb2 d4 36. f7 1-0

[Event "*** Titled Tuesday Blitz"]
[Site "Chess.com"]
[Date "2019.02.05"]
[Round "9"]
[White "wanyaland"]
[Black "KhalilMousavi77"]
[Result "1-0"]
[WhiteElo "2117"]
[BlackElo "2699"]
[TimeControl "180+2"]
[EndTime "15:12:37 PST"]
[Termination "wanyaland won by resignation"]

1. e4 e5 2. Nf3 Nf6 3. Nxe5 d6 4. Nf3 Nxe4 5. Nc3 Nxc3 6. dxc3 Be7 7. Be3 O-O 8. Qd2 c5 9. O-O-O Be6 10. Kb1 Nd7 11.
h4 Qa5 12. c4 Qxd2 13. Rxd2 Ne5 14. Nxe5 dxe5 15. Be2 Rad8 16. g3 Rxd2 17. Bxd2 Rd8 18. Bc3 f6 19. b3 b6 20. Bd3 Bg4 21. Re1 Bf3 22. Re3 Bc6 23. f4 Bd6 24. fxe5 fxe5 25. Be4 Bxe4 26. Rxe4 Re8 27. Kc1 h5 28. Kd2 Kf7 29.
Kd3 g6 30. Re2 Bc7 31. Ke4 Ke6 32. Rf2 Rd8 33. a4 a5 34. Rd2 Rg8 35. Rd5 g5 36. Bxe5 Bxe5 37. Rxe5+ Kf6 38. Rf5+ Ke6 39. Rxg5 Rd8 40. Rxh5 Rd4+ 41. Ke3 Rd1 42. Rh6+ Ke5 43. Rxb6 Ra1 44. Rb5 Re1+ 45. Kd2 Rg1 46. Rxc5+ Kd4 47.
Rd5+ Ke4 48. Rxa5 Kd4 49. Rd5+ Ke4 50. Rd3 Rg2+ 51. Kc3 Rg1 52. c5 Rf1 53. Kc4 Rf2 54. c3 Rf6 55. b4 1-0

[Event "*** Titled Tuesday Blitz"]
[Site "Chess.com"]
[Date "2019.02.05"]
[Round "9"]
[White "nailbeshirli"]
[Black "VeraNebolsina"]
[Result "1-0"]
[WhiteElo "2682"]
[BlackElo "2383"]
[TimeControl "180+2"]
[EndTime "15:12:38 PST"]
[Termination "nailbeshirli won by resignation"]

1. e4 c5 2. Nf3 d6 3. Nc3 Nf6 4. e5 dxe5 5. Nxe5 Nbd7 6. d4 Nxe5 7. dxe5 Qxd1+ 8. Nxd1 Nd5 9. Ne3 Nc7 10. g3 g5 11. h4 Bg7 12. hxg5 Bxe5 13. Bg2 Rb8 14. Nc4 Bg7 15. Bf4 e5 16. Bxe5 Bxe5 17. Nxe5 Ne6 18. f4 Nd4 19. Kf2 Bf5 20. c3 Ne6 21.
Rhe1 Rd8 22. Rad1 O-O 23. Nc4 Bd3 24. Ne5 Bc2 25. Rxd8 Rxd8 26. Bxb7 Rb8 27. Bd5 Bf5 28. b3 Rd8 29. c4 Kg7 30. g4 Bc2 31. Nxf7 Nxf4 32. Nxd8 Nd3+ 33. Ke2 Nxe1 34. Kxe1 Kg6 35. Ne6 Bb1 36. a3 Ba2 37. Nxc5 Kxg5 38. Be6 a5 39. Kd2 1-0

[Event "*** Titled Tuesday Blitz"]
[Site "Chess.com"]
[Date "2019.02.05"]
[Round "9"]
[White "NateSolon"]
[Black "psychokiller48"]
[Result "0-1"]
[WhiteElo "2544"]
[BlackElo "2615"]
[TimeControl "180+2"]
[EndTime "15:12:39 PST"]
[Termination "psychokiller48 won by resignation"]

1. d4 Nf6 2. Bf4 b6 3. e3 Bb7 4.
Nf3 g6 5. Be2 Bg7 6. O-O O-O 7. h3 d6 8. a4 a6 9. Bh2 Nbd7 10.
Nbd2 c5 11. c3 Qc7 12. Qb3 Bc6 13. Rfc1 Qb7 14. Bf1 b5 15. a5 Rfc8 16. Qd1 Re8 17. Nb3 Rad8 18. Nbd2 e5 19. dxe5 dxe5 20. Qc2 e4 21.
Ne1 Ne5 22. Nb3 Qe7 23. Rd1 Nd3 24. c4 Nb4 25. Qe2 Nd7 26. Bd6 Qg5 27. h4 Qxh4 28. Nxc5 Ne5 29. Nxe4 Bxe4 30. Bxb4 Ng4 0-1